 Dungeon Crawl Stone Soup version 0.17-a0-465-g279efb6 (webtiles) character file.

487 Kisielow the Shield-Bearer (level 6, -2/56 HPs)
             Began as a Minotaur Fighter on Apr 6, 2015.
             Was an Initiate of Okawaru.
             Slain by a worker ant (5 damage)
             ... on level 6 of the Dungeon.
             The game lasted 00:10:41 (3664 turns).

Kisielow the Shield-Bearer (Minotaur Fighter)       Turns: 3664, Time: 00:10:42

Health: -2/56      AC: 12    Str: 23    XL:     6   Next: 89%
Magic:  5/5        EV:  8    Int:  5    God:    Okawaru [......]
Gold:   198        SH: 13    Dex:  9    Spells: 0 memorised, 5 levels left

rFire  . . .     SeeInvis .     a - +1 long sword
rCold  . . .     Clarity  .     b - +0 scale mail
rNeg   . . .     SustAb   .     c - +3 shield
rPois  .         Gourm    .     (helmet restricted)
rElec  .         Spirit   .     (no cloak)
rCorr  .         Warding  .     (no gloves)
rMut   .         Stasis   .     (no boots)
MR     +....                    (no amulet)
Stlth  ..........               s - +5 ring of protection
                                i - ring of protection from magic

@: lethally poisoned (-2 -> -5), somewhat resistant to hostile enchantments,
extremely unstealthy
A: retaliatory headbutt, horns 2
a: Renounce Religion


You were on level 6 of the Dungeon.
You worshipped Okawaru.
Okawaru was noncommittal.
You were hungry.

You visited 2 branches of the dungeon, and saw 7 of its levels.

You collected 198 gold pieces.

Inventory:

Hand weapons
 a - a +1 long sword (weapon)
Armour
 b - a +0 scale mail (worn)
 c - a +3 shield (worn)
Jewellery
 i - a ring of protection from magic (left hand)
 s - a +5 ring of protection (right hand)
Scrolls
 g - 3 scrolls of teleportation
 h - 2 scrolls of remove curse
 r - 2 scrolls of recharging
Potions
 e - a potion of might
 f - 2 potions of curing
 j - a potion of flight {unknown}
 l - a potion of cure mutation
 m - 2 potions of restore abilities {unknown}
 p - 3 potions of agility {unknown}
 q - a potion of haste {unknown}
 t - 2 potions of heal wounds {unknown}
Comestibles
 d - 3 bread rations
 k - 3 meat rations
 n - a slice of pizza
 o - a beef jerky
 u - 4 chunks of flesh


   Skills:
 * Level 5.0 Fighting
 * Level 4.8 Long Blades
 * Level 5.7 Armour
 * Level 6.1 Shields


You had 5 spell levels left.
You didn't know any spells.

Dungeon Overview and Level Annotations

Branches:
Dungeon (6/15)             Temple (1/1) D:4

Altars:
Ashenzari
Cheibriados
Fedhas
Gozag
Kikubaaqudgha
Makhleb
Nemelex Xobeh
Okawaru
Sif Muna
Trog
Vehumet
Xom
Yredelemnul

Annotations:
D:5 hornqvist's ghost, experienced OgBe


Innate Abilities, Weirdness & Mutations

You reflexively headbutt those who attack you in melee.
You have a pair of horns on your head.


Message History

You feel better. The wyvern skeleton bites you!
* * * LOW HITPOINT WARNING * * *
You block the centaur's attack. The worker ant bites you.
* * * LOW HITPOINT WARNING * * *
You are poisoned.
The worker ant poisons you! You block the centaur's attack.
You block the wyvern skeleton's attack. The iguana barely misses you.
You hit the centaur but do no damage.
The centaur is lightly wounded.
You feel sick. You block the centaur's attack.
You block the worker ant's attack. The wyvern skeleton bites you.
* * * LOW HITPOINT WARNING * * *
The iguana bites you but does no damage.
You barely miss the centaur.
You headbutt the centaur, but do no damage.
The centaur is lightly wounded.
You feel sick. The centaur hits you!
* * * LOW HITPOINT WARNING * * *
The worker ant bites you.
You die...

. #####. #.....
#....# #....#
#....## #.....#
##...Z.# ./
#...c@(##### ...
#..$al.(...##.....
#.......($........
#........).#######
..........)<#
####......).#
##########


You could see a centaur, an iguana, a worker ant and a wyvern skeleton.

Vanquished Creatures
  The ghost of Garrluk the Firebug, an average DEFE of Vehumet (D:4)
  An ogre (D:4)
  A jelly (D:6)
  A centaur skeleton (D:4)
  A worker ant (D:4)
  A hound skeleton (D:4)
  4 adders
  6 gnolls
  2 worms (D:2)
  4 orcs (D:3)
  2 ball pythons (D:1)
  9 bats
  2 bat skeletons (D:4)
  2 giant cockroaches
  9 goblins
  13 hobgoblins
  7 jackals
  8 kobolds
  3 quokkas
  3 giant geckos
  A giant newt (D:3)
  8 rats
89 creatures vanquished.

Notes
Turn   | Place    | Note
--------------------------------------------------------------
     0 | D:1      | Kisielow, the Minotaur Fighter, began the quest for the Orb.
     0 | D:1      | Reached XP level 1. HP: 19/19 MP: 0/0
   178 | D:1      | Reached XP level 2. HP: 27/27 MP: 1/1
   181 | D:1      | Reached skill level 4 in Shields
   919 | D:2      | Reached XP level 3. HP: 33/33 MP: 2/2
  1122 | D:2      | Noticed a moth of wrath
  1133 | D:2      | Found a bloodstained altar of Trog.
  1552 | D:2      | Found a deep blue altar of Sif Muna.
  1657 | D:3      | Reached XP level 4. HP: 40/40 MP: 3/3
  2030 | D:3      | Reached skill level 5 in Shields
  2314 | D:4      | Reached XP level 5. HP: 29/47 MP: 4/4
  2438 | D:4      | Noticed an ogre
  2449 | D:4      | Killed an ogre
  2449 | D:4      | Reached skill level 5 in Armour
  2626 | D:4      | Got a thick robe
  2637 | D:4      | Identified the +4 robe of Trumpets {Int+5 Stlth-} (You found it on level 4 of the Dungeon)
  2687 | D:4      | Found a staircase to the Ecumenical Temple.
  2693 | Temple   | Entered the Ecumenical Temple
  2817 | D:4      | Found a basalt altar of Yredelemnul.
  2904 | D:4      | Found a burning altar of Makhleb.
  2905 | D:4      | Found an ancient bone altar of Kikubaaqudgha.
  2906 | D:4      | Found a snail-covered altar of Cheibriados.
  2908 | D:4      | Found an iron altar of Okawaru.
  2908 | D:4      | Found a shimmering altar of Xom.
  2918 | D:4      | Became a worshipper of Warmaster Okawaru
  2950 | D:4      | Reached XP level 6. HP: 49/55 MP: 5/5
  3002 | D:4      | Noticed Garrluk's ghost (average DEFE)
  3020 | D:4      | Killed Garrluk's ghost
  3020 | D:4      | Reached skill level 5 in Fighting
  3400 | D:4      | Reached skill level 6 in Shields
  3526 | D:5      | Entered Level 5 of the Dungeon
  3573 | D:5      | Noticed hornqvist's ghost (experienced OgBe)
  3664 | D:6      | Slain by a worker ant

Action                   |  1- 3 |  4- 6 || total
-------------------------+-------+-------++-------
Melee: Long sword        |   112 |   140 ||   252
  Use: Scroll            |     4 |     5 ||     9
       Potion            |       |     4 ||     4
  Eat: Chunk             |     3 |     4 ||     7
       Beef jerky        |       |     1 ||     1
